 Dungeon Crawl Stone Soup version 0.30.1-9-gdf580d7c3d (webtiles) character file.

Game seed: 14736070269955233683

783 PersonalAccount02 the Trooper (level 7, -4/63 HPs)
             Began as a Minotaur Berserker on Oct 18, 2023.
             Was an Elder of Trog.
             Slain by a bullfrog (7 damage)
             ... on level 6 of the Dungeon.
             The game lasted 00:12:51 (3660 turns).

PersonalAccount02 the Trooper (Minotaur Berserker)  Turns: 3660, Time: 00:12:52

Health: -4/63      AC: 14    Str: 24    XL:     7   Next: 55%
Magic:  6/6        EV: 10    Int:  4    God:    Trog [****..]
Gold:   223        SH: 12    Dex:  9    Spells: 6/6 levels left

rFire   + . .        n - +0 mace (protect)
rCold   + . .        v - +0 kite shield
rNeg    . . .        r - +2 ring mail {rF+}
rPois   .            (helmet restricted)
rElec   .            (no cloak)
rCorr   .            (no gloves)
SInv    .            (no boots)
Will    .....        w - amulet of reflection
Stlth   +            i - ring of protection from cold
HPRegen 0.30/turn    (no ring)
MPRegen 0.10/turn

%: reflection
@: under a protective aura, on berserk cooldown, slowed, very slow
A: horns 2, retaliatory headbutt
a: Renounce Religion, Berserk, Trog's Hand, Brothers in Arms


You were on level 6 of the Dungeon.
You worshipped Trog.
Trog was greatly pleased with you.
You visited 1 branch of the dungeon, and saw 6 of its levels.

You collected 223 gold pieces.

Inventory:

Hand Weapons
 a - a +0 hand axe
 n - a +0 mace of protection (weapon)
Armour
 b - a +0 animal skin
 o - a +0 plate armour
 r - a +2 ring mail of fire resistance (worn)
 v - a +0 kite shield (worn)
Jewellery
 i - a ring of protection from cold (left hand)
 w - an amulet of reflection (around neck)
Scrolls
 c - 4 scrolls of identify {unknown}
 e - a scroll of butterflies {unknown}
 g - a scroll of fog {unknown}
 j - a scroll of magic mapping {unknown}
 l - a scroll of teleportation {unknown}
 m - a scroll of noise {unknown}
Potions
 d - 3 potions of haste {unknown}
 h - a potion of heal wounds {unknown}
 k - a potion of ambrosia {unknown}
 p - a potion of degeneration {unknown}
 q - 5 potions of curing
 s - a potion of mutation {unknown}
 t - 2 potions of flight {unknown}
 u - a potion of cancellation {unknown}


   Skills:
 + Level 6.1 Fighting
 + Level 5.1(5.9) Axes
 + Level 4.5(5.6) Maces & Flails
 + Level 4.3 Armour
 + Level 4.1 Dodging
 + Level 0.4 Stealth
 + Level 3.1 Shields


You had 6 spell levels left.
You didn't know any spells.
Your spell library was empty.

Dungeon Overview and Level Annotations

Branches:
Dungeon (6/15)
 Temple: D:4-7

Altars:
Makhleb


Innate Abilities, Weirdness & Mutations

You have a pair of horns on your head.
You reflexively headbutt those who attack you in melee.


Message History

The bullfrog hits you.
* * * LOW HITPOINT WARNING * * *
You block the orc's attack. The ice beast barely misses you.
You furiously retaliate!
You headbutt the ice beast! You block the gnoll's attack. x2
Your Shields skill increases to level 3!
You hit the gnoll.
The gnoll is moderately wounded.
The bullfrog hits you but does no damage.
You barely miss the gnoll.
The gnoll is moderately wounded.
The orc closely misses you. You block the ice beast's attack.
You block the gnoll's attack. The gnoll closely misses you.
The bullfrog hits you but does no damage.
The gnoll hits you but does no damage.
You thump the orc!
You kill the orc!
Trog accepts your kill.
The bullfrog hits you but does no damage.
The ice beast hits you but does no damage.
The gnoll hits you but does no damage. You block the gnoll's attack. x2
You block the gnoll's attack. The gnoll hits you with a +0 club.
* * * LOW HITPOINT WARNING * * *
The ice beast hits you but does no damage.
The gnoll barely misses you. You furiously retaliate!
You headbutt the gnoll!
Things that are here:
a +0 hand axe; an orc corpse; a hound corpse You feel a strong urge to attack something.
You are no longer berserk.
You are exhausted.
You feel yourself slow down.
You sock the gnoll! You headbutt the gnoll.
You kill the gnoll!
Trog accepts your kill. The bullfrog misses you.
You block the ice beast's attack. The bullfrog closely misses you.
You furiously retaliate!
You headbutt the bullfrog.
An iguana comes into view.
The bullfrog hits you!
You die...

.........#....
............. #...
l. ............ #...
... ........... #...
...##.......... #..
............... #..
#.........(..## #.
#.....g@....... #
#####.gFY...###
#..........
#.....#.###
#.......# #
#.......#### .# ##
#[.........# #.# #.
#.........#.###..#
##
#...#....##.#......#


You could see an ice beast, a bullfrog, an iguana (wandering) and 2 gnolls.

Vanquished Creatures
  A water moccasin (D:5)
  2 ice beasts
  A hound (D:6)
  An orc priest (D:5)
  A jelly (D:5)
  2 sleepcaps
  Natasha (D:2)
  2 iguanas
  An orc wizard (D:4)
  4 adders
  10 gnolls
  A shadow imp (D:6)
  3 dart slugs
  8 orcs
  3 bats
  2 endoplasms
  A giant cockroach (D:1)
  27 goblins
  24 hobgoblins
  3 jackals (D:4)
  3 quokkas
  3 ball pythons
  A frilled lizard (D:1)
  6 kobolds
  5 rats
116 creatures vanquished.

Notes
Turn   | Place    | Note
-------+----------+-------------------------------------------
     0 | D:1      | PersonalAccount02 the Minotaur Berserker began the quest
                  | for the Orb.
     0 | D:1      | Reached XP level 1. HP: 19/19 MP: 0/0
   111 | D:1      | Reached XP level 2. HP: 22/27 MP: 1/1
   349 | D:2      | Reached skill level 4 in Fighting
   659 | D:2      | Reached XP level 3. HP: 31/33 MP: 2/2
   676 | D:2      | Noticed Natasha
   691 | D:2      | Killed Natasha
   815 | D:3      | Found a burning altar of Makhleb.
   853 | D:3      | Reached ** piety under Trog
   862 | D:3      | Noticed a floating eye
   887 | D:3      | Found a faded altar of an unknown god.
   890 | D:3      | Noticed a floating eye
   896 | D:3      | Noticed an eye of devastation
   900 | D:3      | Noticed an eye of devastation
   999 | D:3      | Reached XP level 4. HP: 26/41 MP: 3/3
  1253 | D:3      | Reached skill level 5 in Axes
  1333 | D:3      | Reached skill level 1 in Maces & Flails
  1333 | D:3      | Reached XP level 5. HP: 34/47 MP: 4/4
  1539 | D:3      | Reached *** piety under Trog
  1618 | D:3      | Reached skill level 1 in Shields
  1770 | D:3      | Reached skill level 5 in Fighting
  2364 | D:4      | Noticed an ice beast
  2373 | D:4      | Killed an ice beast
  2374 | D:4      | Reached XP level 6. HP: 56/56 MP: 5/5
  2399 | D:4      | Reached **** piety under Trog
  2839 | D:5      | Entered Level 5 of the Dungeon
  3225 | D:5      | Noticed a water moccasin
  3232 | D:5      | Killed a water moccasin
  3233 | D:5      | Reached XP level 7. HP: 58/61 MP: 6/6
  3647 | D:6      | Reached skill level 6 in Fighting
  3658 | D:6      | HP: 4/94 [gnoll/+0 club[a gnoll bouda] (5)]
  3660 | D:6      | Slain by a bullfrog

Illustrated notes

Levels and vault maps discovered:
D:1:      minmay_arrival_nine_rooms, layout_loops_cross, grunt_decor_arrowhead
D:2:      layout_basic, minmay_misc_feat_five, chequers_serial_rivers_large_a,
          uniq_natasha
D:3:      minmay_goblin_kobold_castle, layout_basic,
          mainiacjoe_overflow_alcove_2, hellmonk_ecumenical_altar_watching_god
D:4:      layout_basic
D:5:      layout_loops_corners, minmay_temple_entry_fiery,
          kennysheep_flooded_box, ebering_dispersal_statue_hall
D:6:      layout_rooms, chequers_temple_overflow_statue_of_worship,
          serial_curves, eino_curves_02, eino_curves_04, grunt_ministairs_15,
          grunt_decor_one_mirror, minmay_bent, uniq_maggie

Skill      XL: |  1  2  3  4  5  6  7 |
---------------+----------------------+-----
Axes           | 4 5 |  5.1
Fighting       | 4 5 6 |  6.1
Dodging        | 3 4 |  4.1
Maces & Flails | 1 2 3 4 |  4.5
Shields        | 2 3 |  3.1
Armour         | 3 4 |  4.3
Stealth        | |  0.4

Action                     |  1- 3 |  4- 6 |  7- 9 || total
---------------------------+-------+-------+-------++-------
  Melee: Hand axe          |    61 |       |       ||    61
         Headbutt          |     6 |    27 |     7 ||    40
         Punch             |     1 |     2 |       ||     3
         Mace              |    10 |   172 |    33 ||   215
 Invoke: Berserk           |     1 |     2 |     1 ||     4
 Armour: Animal skin       |     7 |       |       ||     7
         Plate armour      |     9 |       |       ||     9
         Ring mail         |     3 |   123 |    29 ||   155
  Dodge: Dodged            |    43 |   162 |    26 ||   231
  Block: Other             |    14 |    69 |       ||    83
         Reflection        |     1 |     5 |       ||     6
         Kite shield       |       |    15 |    45 ||    60
